 Dungeon Crawl Stone Soup version 0.21.1-1-g345015f (webtiles) character file.

154 rlgrobin the Charmwright (level 5, -10/43 HPs)
             Began as a Gnoll Skald on Mar 29, 2018.
             Splashed by Ijyb's acid (21 damage)
             ... on level 3 of the Dungeon.
             The game lasted 00:07:06 (1516 turns).

rlgrobin the Charmwright (Gnoll Skald)              Turns: 1516, Time: 00:07:07

Health: -10/43     AC:  3    Str: 14    XL:     5   Next: 36%
Magic:  7/12       EV: 14    Int: 15    God:
Gold:   79         SH:  0    Dex: 15    Spells: 7/14 levels left

rFire    . . .     SeeInvis .   a - +0 spear
rCold    . . .     Gourm    .   (no shield)
rNeg     . . .     Faith    .   b - +0 leather armour
rPois    .         Spirit   .   (no helmet)
rElec    .         Reflect  .   (no cloak)
rCorr    .         Harm     +   (no gloves)
MR       .....                  (no boots)
Stlth    ++........             m - amulet of harm
HPRegen  0.14/turn              (no ring)
MPRegen  0.13/turn              (no ring)

@: infused
A: distributed training, fangs 1, strong nose
a: no special abilities


You were on level 3 of the Dungeon.
You were hungry.

You visited 1 branch of the dungeon, and saw 3 of its levels.

You collected 79 gold pieces.


Innate Abilities, Weirdness & Mutations

Your experience applies equally to all skills.
You have very sharp teeth.
Your uncanny sense of smell can sniff out nearby items.


   Skills:
 + Level 4.7 Fighting
 + Level 1.4 Short Blades
 + Level 1.4 Long Blades
 + Level 1.4 Axes
 + Level 1.4 Maces & Flails
 + Level 4.7 Polearms
 + Level 1.4 Staves
 + Level 1.4 Slings
 + Level 1.4 Bows
 + Level 1.4 Crossbows
 + Level 1.4 Throwing
 + Level 2.9 Armour
 + Level 4.7 Dodging
 + Level 1.4 Stealth
 + Level 1.4 Shields
 + Level 1.4 Unarmed Combat
 + Level 5.2 Spellcasting
 + Level 1.1 Conjurations
 + Level 1.1 Hexes
 + Level 5.5 Charms
 + Level 1.1 Summonings
 + Level 1.1 Necromancy
 + Level 1.1 Translocations
 + Level 1.1 Transmutations
 + Level 1.1 Fire Magic
 + Level 1.1 Ice Magic
 + Level 1.1 Air Magic
 + Level 1.1 Earth Magic
 + Level 1.1 Poison Magic
 + Level 1.6 Invocations
 + Level 1.4 Evocations


You had 7 spell levels left.
You knew the following spells:

 Your Spells              Type           Power        Failure   Level  Hunger
g - Regeneration          Chrm/Necr      ##........   14%         3    ###....
x - Spectral Weapon       Hex/Chrm       ##......     14%         3    ###....
z - Infusion              Chrm           ###.         1%          1    None

Inventory:

Hand Weapons
 a - a +0 spear (weapon)
Missiles
 h - 34 stones (quivered)
 j - 10 poisoned needles
Armour
 b - a +0 leather armour (worn)
Jewellery
 m - an amulet of harm (around neck)
Scrolls
 e - a scroll of blinking
 g - a scroll of fog {unknown}
 i - 2 scrolls of immolation {unknown}
 l - 2 scrolls of fear
Potions
 f - a potion of resistance {unknown}
 k - 2 potions of curing {unknown}
 n - a potion of haste {unknown}
Books
 c - a book of Battle

   Spells                             Type                      Level
   a - Infusion                       Charms                       1
   b - Shroud of Golubria             Charms/Translocation         2
   c - Song of Slaying                Charms                       2
   d - Spectral Weapon                Hexes/Charms                 3
   e - Regeneration                   Charms/Necromancy            3
Comestibles
 d - 3 rations

Dungeon Overview and Level Annotations

Branches:
Dungeon (3/15)

Altars:
Hepliaklqana

Annotations:
D:3 Ijyb

▒<.....▒.▒ ▒.▒▒▒▒
▒▒▒▒...▒.▒▒▒.▒ ▒▒▒▒▒▒▒▒▒
▒......▒.....▒▒▒........
▒......▒.......▒.▒▒▒▒▒▒▒
▒.▒▒▒▒...▒....▒▒.▒.▒
▒...........<......▒
▒▒▒▒▒▒.▒▒7▒▒▒▒▒▒▒▒▒▒
▒.▒▒.▒ ▒.▒▒g▒ ▒.▒▒g▒
.....) ▒.▒▒.▒. ∆ ▒.
▒.▒▒. ▒.. .. ▒▒▒ ▒+


You could see Ijyb and a friendly spectral spear.


Message History

Ijyb is moderately wounded!
Your spectral weapon hits Ijyb!
Ijyb barely misses you!
You closely miss Ijyb!
Ijyb is moderately wounded!
Your spectral weapon hits Ijyb!
You skewer Ijyb but do no damage!
Ijyb is heavily wounded!
Your spectral weapon misses Ijyb!
Ijyb misses you!
You spit Ijyb like a pig! You bite Ijyb, but do no damage!
Ijyb is heavily wounded!
Your spectral weapon fades away!
Ijyb screams, "You nasty!!!
Big nasty!!!"
Ijyb barely misses you!
You begin infusing your attacks with magical energy!
Ijyb barely misses you!
You now have 9/12 mp!
You spit Ijyb but do no damage!
Ijyb is heavily wounded!
Ijyb zaps a wand!
The bolt of acid misses you!
It is a wand of acid (9)!
You stick Ijyb but do no damage!
Ijyb is heavily wounded!
Ijyb hits you!
You take 1 damage, and have 41/43 hp!
You draw out your weapon's spirit!!!
Ijyb screams, "No!!!
No, no, no, no!!!"
Ijyb zaps a wand!
The bolt of acid hits you!!!
DANG * * * don't die
* * * You are splashed with acid!!!
The acid burns!!! rip

Action                   |  1- 3 |  4- 6 || total
-------------------------+-------+-------++-------
Melee: Spear             |    91 |    47 ||   138
       Bite              |     8 |     2 ||    10
 Cast: Infusion          |     7 |     1 ||     8
       Spectral Weapon   |     3 |     3 ||     6
  Use: Scroll            |       |     2 ||     2
 Stab: Sleeping          |     8 |     2 ||    10
       Distracted        |       |     2 ||     2
  Eat: Chunk             |     1 |     1 ||     2
Armor: Leather armour    |    11 |     2 ||    13
Dodge: Dodged            |    29 |    14 ||    43

Vault maps used:
D:1:      ncdulo_halloftheorcs
D:2:      overflow_temple_1_default
D:3:      vehumet_crystals, minmay_misc_feat_encased, uniq_sigmund, uniq_ijyb

Notes
Turn   | Place    | Note
-------+----------+-------------------------------------------
     0 | D:1      | rlgrobin the Gnoll Skald began the quest for the Orb.
     0 | D:1      | Reached XP level 1. HP: 20/20 MP: 6/6
   164 | D:1      | Reached XP level 2. HP: 26/26 MP: 2/7
   762 | D:2      | Reached XP level 3. HP: 31/31 MP: 2/9
   767 | D:2      | Learned a level 3 spell: Spectral Weapon
   771 | D:2      | Learned a level 3 spell: Regeneration
   794 | D:2      | Reached skill level 5 in Spellcasting
   829 | D:2      | Found a hazy altar of Hepliaklqana.
   917 | D:2      | Reached skill level 1 in Invocations
  1164 | D:2      | Reached skill level 1 in Short Blades
  1164 | D:2      | Reached skill level 1 in Long Blades
  1164 | D:2      | Reached skill level 1 in Axes
  1164 | D:2      | Reached skill level 1 in Maces & Flails
  1164 | D:2      | Reached skill level 1 in Staves
  1164 | D:2      | Reached skill level 1 in Slings
  1164 | D:2      | Reached skill level 1 in Bows
  1164 | D:2      | Reached skill level 1 in Crossbows
  1164 | D:2      | Reached skill level 1 in Throwing
  1164 | D:2      | Reached skill level 1 in Stealth
  1164 | D:2      | Reached skill level 1 in Shields
  1164 | D:2      | Reached skill level 1 in Unarmed Combat
  1164 | D:2      | Reached skill level 1 in Evocations
  1164 | D:2      | Reached XP level 4. HP: 30/38 MP: 7/11
  1442 | D:3      | Reached skill level 1 in Conjurations
  1442 | D:3      | Reached skill level 1 in Hexes
  1442 | D:3      | Reached skill level 1 in Summonings
  1442 | D:3      | Reached skill level 1 in Necromancy
  1442 | D:3      | Reached skill level 1 in Translocations
  1442 | D:3      | Reached skill level 1 in Transmutations
  1442 | D:3      | Reached skill level 1 in Fire Magic
  1442 | D:3      | Reached skill level 1 in Ice Magic
  1442 | D:3      | Reached skill level 1 in Air Magic
  1442 | D:3      | Reached skill level 1 in Earth Magic
  1442 | D:3      | Reached skill level 1 in Poison Magic
  1494 | D:3      | Reached XP level 5. HP: 40/43 MP: 8/12
  1497 | D:3      | Noticed Ijyb
  1516 | D:3      | Splashed by Ijyb's acid

Vanquished Creatures
  2 orc wizards (D:3)
  3 gnolls (D:2)
  2 adders
  A worm (D:2)
  3 leopard geckos
  An orc (D:3)
  A ball python (D:1)
  7 bats (D:2)
  A goblin (D:2)
  8 hobgoblins
  2 jackals (D:1)
  5 kobolds
  8 frilled lizards
  6 rats
50 creatures vanquished.

Vanquished Creatures (others)
  A spectral weapon (D:3)
1 creature vanquished.

Grand Total: 51 creatures vanquished
